Cogmind - Beta 16.1 --- EXPLORER MODE // 2026.03.30 @ 11:49:45 Player: Space Dips Result: Destroyed by as-52998 with Assembled Heavy Rifle Performance ------------- Evolutions (0) 0 Regions Visited (4) 800 Robots Destroyed (9) 45 Value Destroyed (250) 250 Prototype IDs (0) 0 Alien Tech Used (0) 0 Bonus (0) 0 TOTAL SCORE: 1095 Bonus ------- None Cogmind --------- Core Integrity 0/250 Matter 300/300 Energy 100/100 System Corruption 0% Temperature Cool (0) Movement Core (750) Ox14 Location -9/Mines Parts ------- > --- POWER (1) -------- (None) > --- PROPULSION (2) --- (None) > --- UTILITY (3) ------ High-capacity Storage Unit Targeting Computer Power Shielding > --- WEAPON (2) ------- Makeshift Axe > --- INVENTORY (20) --- Ion Engine Flight Unit Flight Unit Flight Unit Improved Heat Sink Humpback High-capacity Matter Pod (200) Terrain Scanner Medium Laser Small Laser Light Assault Rifle Peak State ------------ > --- POWER ------------ Ion Engine > --- PROPULSION ------- Light Treads Light Treads > --- UTILITY ---------- High-capacity Storage Unit Targeting Computer Power Shielding > --- WEAPON ----------- Medium Laser Makeshift Axe > --- INVENTORY -------- Ion Engine Flight Unit Flight Unit Flight Unit Improved Heat Sink Humpback High-capacity Matter Pod Terrain Scanner Medium Laser Small Laser Light Assault Rifle [Rating: 12] Favorites ----------- Power Ion Engine Engine Ion Engine Propulsion Light Treads Treads Light Treads Flight Unit Flight Unit Utility Targeting Computer Storage High-capacity Storage Unit Processor Targeting Computer Protection Propulsion Shielding Weapon Medium Laser Energy Gun Medium Laser Ballistic Gun Assault Rifle Slashing Weapon Makeshift Axe Build | -11 -10 -10 -10 -9 ------- Run | Yrd Mat Min Exi Min Slots Evolved 1 | . 1 . . . Power . | . . . . . Propulsion . | . . . . . Utility 1 | . 1 . . . Weapon . | . . . . . Parts Attached 15 | 6 2 . 1 6 Power 3 | 1 . . . 2 Engine 3 | 1 . . . 2 Core . | . . . . . Reactor . | . . . . . Propulsion 4 | 2 . . . 2 Treads 2 | 2 . . . . Leg . | . . . . . Wheel . | . . . . . Hover . | . . . . . Flight 2 | . . . . 2 Utility 5 | 3 . . 1 1 Device . | . . . . . Storage 2 | 1 . . 1 . Processor 1 | 1 . . . . Hackware . | . . . . . Protection 2 | 1 . . . 1 Artifact . | . . . . . Weapon 3 | . 2 . . 1 Energy Gun 1 | . 1 . . . Energy Cannon . | . . . . . Ballistic Gun 1 | . 1 . . . Ballistic Cannon . | . . . . . Launcher . | . . . . . Special Weapon . | . . . . . Impact Weapon . | . . . . . Slashing Weapon 1 | . . . . 1 Piercing Weapon . | . . . . . Special Melee Weapon . | . . . . . Unidentified Prototypes . | . . . . . Parts Lost 6 | . . . . 6 Power 1 | . . . . 1 Propulsion 2 | . . . . 2 Utility 1 | . . . . 1 Weapon 2 | . . . . 2 Highest Loss Streak 4 | . . . . 4 To Critical Strikes . | . . . . . Average Backups 7 | 3 5 7 8 11 Power . | . . 1 1 1 Propulsion . | . . . . 2 Utility 3 | 1 3 4 4 4 Weapon 2 | 1 1 2 3 3 Tool/Special . | . . . . . Unused Backups 8 | . . . . 8 Power . | . . . . . Propulsion 1 | . . . . 1 Utility 4 | . . . . 4 Weapon 3 | . . . . 3 Tool/Special . | . . . . . Average Slot Usage (%) 98 | . 97 100 100 95 Engine 12 | . 12 12 12 12 Treads 24 | . 23 25 25 22 Storage 12 | . 12 12 12 12 Processor 12 | . 12 12 12 12 Protection 11 | . 12 12 12 11 Energy Gun 11 | . 11 12 12 10 Ballistic Gun 11 | . 11 12 12 9 Peak Build Rating 12 | 5 8 9 9 12 Average Rating 8 | 4 7 8 9 9 On Entrance 6 | . 5 8 9 9 Avg Prop Armor Cover (%) . | . . . . . Naked Turns . | . . . . . Heaviest Build 51 | 15 20 20 50 51 Greatest Support 40 | 40 40 40 40 40 Greatest Overweight (x) 16 | . . . 1 16 Average Overweight (x) . | . . . . 1 Largest Inventory Capacity 20 | 10 10 10 20 20 Average Capacity 14 | 7 10 10 17 20 Most Carried 15 | 6 7 8 10 15 Average Carried 8 | 3 5 7 8 12 Final Capacity 20 | 10 10 10 20 20 Final Carried 12 | 6 7 8 10 12 Class Distribution -------------------- 100% | Hacker-Mutant Dominant Class ---------------- Hacker-Mutant | -10/Materials Hacker-Mutant | -10/Mines Hacker-Mutant | -10/Exiles Hacker-Mutant | -9/Mines Resources | -11 -10 -10 -10 -9 ----------- Run | Yrd Mat Min Exi Min Matter Collected 678 | 215 241 77 . 145 Remotely . | . . . . . Salvage Created 372 | . 83 . . 289 Parts 20 | . 5 . . 15 Haulers Intercepted . | . . . . . Recyclers Shooed . | . . . . . Parts Field Recycled . | . . . . . Retrieved Matter . | . . . . . Parts Self-Destructed . | . . . . . Prevented . | . . . . . Parts Restored . | . . . . . Kills | -11 -10 -10 -10 -9 ------- Run | Yrd Mat Min Exi Min Combat Hostiles Destroyed 15 | . 2 . . 13 Melee 3 | . . . . 3 Guns 12 | . 2 . . 10 Classes Destroyed 5 | . 1 . . 4 Builder 1 | . . . . 1 Swarmer 3 | . . . . 3 Grunt 4 | . 2 . . 2 Demolisher 1 | . . . . 1 Assembled 7 | . . . . 7 Best Kill Streak 6 | . 2 . . 6 Combat Bots Only 5 | . 2 . . 5 Max Kills in Single Turn 1 | . 1 . . 1 Gunslinging . | . . . . . Exploded . | . . . . . Melee 1 | . . . . 1 Uniques/NPCs Destroyed . | . . . . . Combat | -11 -10 -10 -10 -9 -------- Run | Yrd Mat Min Exi Min Hostile Shots Fired 132 | . 7 . . 125 Missed 35 | . 2 . . 33 Hits 97 | . 5 . . 92 Melee 6 | . . . . 6 Projectile 91 | . 5 . . 86 AOE 9 | . . . . 9 Critical Strikes 1 | . . . . 1 Damage Taken 1035 | . 49 . . 986 Core 252 | . . . . 252 Absorbed by Shields . | . . . . . Redirected to Shielding 71 | . 3 . . 68 Ignored by Resistances 628 | . 29 . . 599 Regen/Repaired (Parts) 50 | . 50 . . . Core Remaining (%) 100 | 100 . . . . Volleys Fired 30 | . 6 . . 24 Largest 2 | . 2 . . 2 Hottest 70 | . 70 . . 70 Shots Fired 58 | . 12 . . 46 Gun 58 | . 12 . . 46 Cannon . | . . . . . Launcher . | . . . . . Special . | . . . . . Kinetic 28 | . 6 . . 22 Thermal 30 | . 6 . . 24 Explosive . | . . . . . Electromagnetic . | . . . . . Robot Hit Streak 17 | . 11 . . 17 Robot Miss Streak 1 | . . . . 1 Penetration Max . | . . . . . Secondary Targets 1 | . . . . 1 Max Gunslinging Chain 1 | . . . . 1 Shots Hit Robots 54 | . 11 . . 43 Core Hits 29 | . 5 . . 24 Critical Kills . | . . . . . Critical Parts Destroyed . | . . . . . Critical Strikes 1 | . . . . 1 Burn 1 | . . . . 1 Melee Attacks 6 | . . . . 6 Impact . | . . . . . Slashing 6 | . . . . 6 Piercing . | . . . . . Sneak Attacks . | . . . . . Combat Hostiles . | . . . . . Follow-up Attacks . | . . . . . Damage Inflicted 843 | . 143 . . 700 Guns 616 | . 140 . . 476 Cannons . | . . . . . Explosions . | . . . . . Melee 224 | . . . . 224 Ramming 3 | . 3 . . . Kinetic 292 | . 67 . . 225 Thermal 324 | . 73 . . 251 Explosive . | . . . . . Electromagnetic . | . . . . . Impact . | . . . . . Slashing 224 | . . . . 224 Piercing . | . . . . . Highest Corruption . | . . . . . Average Corruption . | . . . . . Corruption Purged . | . . . . . Corruption Blocked . | . . . . . Overload Shots . | . . . . . Overflow Damage . | . . . . . Projectiles . | . . . . . Explosions . | . . . . . Melee . | . . . . . Knockbacks . | . . . . . Impact . | . . . . . Kinetic . | . . . . . Secondary . | . . . . . Self-Inflicted Damage . | . . . . . Shots . | . . . . . Rammed 1 | . 1 . . . Targets Rammed 1 | . 1 . . . Kicked . | . . . . . Crushed . | . . . . . Highest Temperature 112 | . 87 . . 112 Average Temperature 45 | . 41 . . 47 Received Heat Transfer 246 | . 42 . . 204 Siege Activations . | . . . . . Martial Activations . | . . . . . Shielding Activations . | . . . . . Robots Disrupted . | . . . . . Combat Hostiles . | . . . . . Robots Corrupted . | . . . . . Combat Hostiles . | . . . . . Parts Fried . | . . . . . Impact Corruptions . | . . . . . Robots Melted . | . . . . . Combat Hostiles . | . . . . . Parts Melted 1 | . . . . 1 Heat Transferred 1036 | . 222 . . 814 Parts Sabotaged . | . . . . . Parts Stolen . | . . . . . Parts Stripped . | . . . . . Power Chain Reactions . | . . . . . Alert | -11 -10 -10 -10 -9 ------- Run | Yrd Mat Min Exi Min Maximum Alert Level . | . . . . . Low Security (%) 100 | 100 100 100 . 100 Level 1 . | . . . . . Level 2 . | . . . . . Level 3 . | . . . . . Level 4 . | . . . . . Level 5 . | . . . . . High Security . | . . . . . Max Security . | . . . . . Peak Influence 85 | . 51 . . 85 Initial . | . . . . . Average 9 | . 6 . . 22 Influence Increases 222 | . 52 . . 170 Destroy 0b10 Robot/C 160 | . 40 . . 120 Destroy 0b10 Robot/NC 5 | . . . . 5 Destroy Leader 40 | . 10 . . 30 Successful Hack 1 | . 1 . . . Destroy Structure 1 | . 1 . . . Lose Combat Pursuer 15 | . . . . 15 Influence Decreases 222 | . 52 . . 170 Time Decay 212 | . 52 . . 160 Lost Part 10 | . . . . 10 Squads Dispatched . | . . . . . Investigation . | . . . . . Extermination . | . . . . . Reinforcement . | . . . . . Assault . | . . . . . Garrison . | . . . . . Intercept . | . . . . . Searches Triggered . | . . . . . Construction Impeded . | . . . . . Haulers Reinforced . | . . . . . Active Scanning Responses . | . . . . . Cargo Convoy Interrupts . | . . . . . Stealth | -11 -10 -10 -10 -9 --------- Run | Yrd Mat Min Exi Min Distress Signals . | . . . . . Communications Jammed . | . . . . . Distress Signals . | . . . . . Times Spotted 20 | . 3 . . 17 Peak Tracking Total 4 | . 2 . . 4 Tactical Retreats 1 | . . . . 1 Traps | -11 -10 -10 -10 -9 ------- Run | Yrd Mat Min Exi Min Traps Triggered 2 | . 2 . . . Indirectly . | . . . . . Trap Hack Attempts . | . . . . . Triggered . | . . . . . Disarmed . | . . . . . Reprogrammed . | . . . . . Reused . | . . . . . Traps Extracted . | . . . . . Installed . | . . . . . Triggered . | . . . . . Machines | -11 -10 -10 -10 -9 ---------- Run | Yrd Mat Min Exi Min Machines Disabled . | . . . . . Max in Single Turn . | . . . . . Machines Repaired . | . . . . . Machines Dismantled . | . . . . . Machines Sabotaged . | . . . . . Overloaded Fab Kills . | . . . . . Hacking | -11 -10 -10 -10 -9 --------- Run | Yrd Mat Min Exi Min Machines Accessed 3 | . 1 1 1 . Terminals 1 | . . 1 . . Fabricators . | . . . . . Repair Stations 1 | . 1 . . . Recycling Units . | . . . . . Scanalyzers . | . . . . . Garrison Access . | . . . . . Total Hacks 26 | . 2 1 23 . Successful 26 | . 2 1 23 . Failed . | . . . . . Catastrophic . | . . . . . Database Lockouts . | . . . . . Manual 1 | . . . 1 . Terminals 1 | . . 1 . . Fabricators . | . . . . . Repair Stations 2 | . 2 . . . Recycling Units . | . . . . . Scanalyzers . | . . . . . Garrison Access . | . . . . . Terminal Hacks 24 | . . 1 23 . Record 24 | . . 1 23 . Fabricator Hacks . | . . . . . Repair Station Hacks 2 | . 2 . . . Scan Component 1 | . 1 . . . Repair 1 | . 1 . . . Recycling Unit Hacks . | . . . . . Scanalyzer . | . . . . . Garrison Access Hacks . | . . . . . Unauthorized Hacks . | . . . . . Terminals . | . . . . . Fabricators . | . . . . . Repair Stations . | . . . . . Recycling Units . | . . . . . Scanalyzers . | . . . . . Garrison Access . | . . . . . Data Cores Recovered . | . . . . . Used . | . . . . . Hacking Detections 1 | . 1 . . . Full Trace Events . | . . . . . Feedback Events . | . . . . . Feedback Blocked . | . . . . . Robot Schematics Acquired . | . . . . . Robots Built . | . . . . . Authchips . | . . . . . Time . | . . . . . Total Robot Build Rating . | . . . . . Part Schematics Acquired . | . . . . . Parts Built . | . . . . . Authchips . | . . . . . Time . | . . . . . Total Part Build Rating . | . . . . . Part Studies Acquired . | . . . . . Parts Repaired 1 | . 1 . . . Time 26 | . 26 . . . Parts Recycled . | . . . . . Recycled Matter . | . . . . . Retrieved Matter . | . . . . . Retrieved Components . | . . . . . Parts Scanalyzed . | . . . . . Part Schematics Acquired . | . . . . . Parts Damaged . | . . . . . Bothacking | -11 -10 -10 -10 -9 ------------ Run | Yrd Mat Min Exi Min Used RIF Installer . | . . . . . Robots Hacked . | . . . . . Non-combat . | . . . . . Combat . | . . . . . Robot Hacks Applied . | . . . . . Relay Couplers Released . | . . . . . Fabnet Peak Effective % . | . . . . . Robots Rewired . | . . . . . Allies Hacked . | . . . . . Hacks Repelled . | . . . . . Allies | -11 -10 -10 -10 -9 -------- Run | Yrd Mat Min Exi Min Total Allies . | . . . . . Largest Group . | . . . . . Highest-Rated Group . | . . . . . Highest-Rated Ally . | . . . . . Total Orders . | . . . . . Ally Attacks . | . . . . . Total Damage . | . . . . . Kills . | . . . . . Allies Corrupted . | . . . . . Allies Melted . | . . . . . Intel | -11 -10 -10 -10 -9 ------- Run | Yrd Mat Min Exi Min Active Infowar (turns) . | . . . . . Robot Analysis Total . | . . . . . Derelict Logs Recovered . | . . . . . Drone Launches . | . . . . . Drone Recoveries . | . . . . . Exploration | -11 -10 -10 -10 -9 ------------- Run | Yrd Mat Min Exi Min Turns Passed 1608 | 95 319 248 635 311 Spaces Moved 736 | 51 159 155 291 80 Core 6 | 3 . . . 3 Treads 730 | 48 159 155 291 77 Legs . | . . . . . Wheels . | . . . . . Hover . | . . . . . Flight . | . . . . . Fastest Speed 50 | 50 160 160 160 240 Average Speed 193 | 153 160 160 217 263 Slowest Speed 850 | 160 160 160 240 850 Overloaded Moves . | . . . . . Propulsion Burnouts . | . . . . . Robots Hopped . | . . . . . Potential Cave-ins . | . . . . . Cave-ins Triggered . | . . . . . Exploration Rate (%) 33 | 5 37 32 72 23 Regions Visited 4 Branch Regions 3 Pre-discovered Areas 2 | . . . 1 1 Known Exits Taken 4 | 1 1 1 1 . Unknown Exits Taken . | . . . . . Scrap Searched . | . . . . . Spaces Dug . | . . . . . Terrain Destroyed . | . . . . . Melee . | . . . . . Projectile . | . . . . . AOE . | . . . . . Terrain Rammed . | . . . . . Walls Destroyed . | . . . . . Machines Disabled . | . . . . . Actions | -11 -10 -10 -10 -9 --------- Run | Yrd Mat Min Exi Min Total 855 | 68 211 155 295 126 Wait 35 | . 33 . . 2 Move 732 | 50 158 154 290 80 Hop . | . . . . . Pick Up 26 | 11 7 1 2 5 Fast Attach 1 | 1 . . . . Attach 13 | 5 6 . . 2 Detach . | . . . . . Swap 7 | . . . 1 6 Drop 3 | 1 . . 1 1 Fire 30 | . 6 . . 24 Melee 6 | . . . . 6 Ram . | . . . . . Kick . | . . . . . Crush 1 | . 1 . . . Escape Stasis . | . . . . . Rewire 1 | . . . 1 . Trap . | . . . . . Miscellaneous . | . . . . . Route ------- -11/Scrapyard -10/Materials -10/Mines -10/Exiles (discovered 2 exits: *Min x2) -9/Mines History --------- Turn | Location | Event 35 | -11/Scrapyard | Identified exit to Materials 35 | -11/Scrapyard | Discovered exit to Materials (range 16) 96 | -11/Scrapyard | Entered Materials 96 | -10/Materials | Evolved 1 slot: Utility x1 302 | -10/Materials | Repaired Lgt. Treads 324 | -10/Materials | Build established: Hacker-Mutant 402 | -10/Materials | Identified exit to Mines 402 | -10/Materials | Discovered exit to Mines (range 9) 415 | -10/Materials | Entered Mines 470 | -10/Mines | A weapon hastily lodged in a ceiling crevice suddenly fell to the ground 653 | -10/Mines | Deemed a non-threat by the Exiles lab entrance 655 | -10/Mines | Identified exit to Exiles 655 | -10/Mines | Discovered exit to Exiles (range 5) 663 | -10/Mines | Entered Exiles 692 | -10/Exiles | Identified exit to Mines 692 | -10/Exiles | Discovered exit to Mines (range 14) 723 | -10/Exiles | Met 8R-AWN 742 | -10/Exiles | Met EX-HEX 871 | -10/Exiles | Visited The Gauntlet 1083 | -10/Exiles | Met EX-DEC 1146 | -10/Exiles | Learned location of Zion (-7) 1248 | -10/Exiles | Discovered exit to Mines (range 15) 1298 | -10/Exiles | Entered Mines 1299 | -9/Mines | Learned location of Storage (-8) 1452 | -9/Mines | Assembled infested the area 1592 | -9/Mines | Core integrity fell below 50% 1601 | -9/Mines | Core integrity fell below 20% 1609 | -9/Mines | Destroyed by as-52998 with Assembled Heavy Rifle Last Messages --------------- 01549_ as-49314 destroyed. 01550_ The unstable cave ceiling collapses. 01554_ Acquired 19 matter. 01556_ Acquired 16 matter. 01559_ Acquired 15 matter. 01561_ Acquired 14 matter. 01563_ U-05 Engineer builds a Wall. 01572_ Lgt. Treads destroyed. 01573_ The unstable cave ceiling collapses. 01576_ Med. Laser destroyed. 01578_ U-05 Engineer lays Concrete. 01581_ Lgt. Treads destroyed. 01582_ U-05 Engineer lays Concrete. 01584_ U-05 Engineer builds a Wall. 01589_ U-05 Engineer lays Concrete. 01590_ U-05 Engineer builds a Wall. 01599_ U-05 Engineer lays Concrete. 01600_ Ion Engine destroyed. 01601_ U-05 Engineer lays Concrete. 01608_ as-23113 destroyed. Map ----- +----------------------------------------------------+ | ???????????????????????????????????????????# | | ???????????????????????????????????????????# | | ???????????????????????????????????????????# | | ???????????????????????????????????????????# | | ????????????????????????????????????######## | | ???????????????????????????????????## ## | | ???????????????????????????????????# | | ???????????????????????????????????# | | ????????????????????????????????????# | | ????????????????????????????????????## | | ?????????????????????????????????????## #### | | ??????????????????????????????????????# ##??## | | ??????????????????????????????????????# #????### | | ??????????????????????????????????????# #??????? | | ????????????????????????#?????????????# ######## | | ???????????????????????? ?????????????# | | ????????????????????????a?????#######?# ### #### | | ???????????????????????# #???## ### ### #??? | | ???????????????????????#%#??## ## #= #??? | | ???????????????????????# #??# ### # [ * #??? | | ???????????????????????# #??## ### #### #??? | | ???????????????????????# #??# # ##????#??# | | ???????????????????????# #??## ! ###????????# | | ???????????????????????# #### * # #?????????? | | ????????????????########%a % ###?????????? | | ?????????????# a @ % ##??????????? | | ????????????????############## ] !##???????????? | | ????????????????????????????##*%####????????????? | | ????????????????????????????# #%# #?????????????? | | ????????????????????????????###%###?????????????? | | ?????????????????????????????##= ???????????????? | | ??????????????????????????????####??????????????? | | ????????????????????????????????????????????????? | | ????????????????????????????????????????????????? | | ????????????????????????????????????????????????? | | ????????????????????????????????????????????????? | | ????????????????????????????????????????????????? | | ????????????????????????????????????????????????? | | ????????????????????????????????????????????????? | | ????????????????????????????????????????????????? | | ????????????????????????????????????????????????? | | ????????????????????????????????????????????????? | | ????????????????????????????????????????????????? | | ????????????????????????????????????????????????? | | ????????????????????????????????????????????????? | | ????????????????????????????????????????????????? | | ????????????????????????????????????????????????? | | ????????????????????????????????????????????????? | | ????????????????????????????????????????????????? | | ????????????????????????????????????????????????? | +----------------------------------------------------+ Best States ------------- Heat Dissipation 25 Energy Generation 10 Energy Capacity 250 Matter Stores 300 Matter Capacity 300 Sight Range 16 Terrain Scan Density 10 Resistance: KI 35 Resistance: TH 35 Resistance: EX 35 Resistance: EM 35 Resistance: I 35 Resistance: S 35 Resistance: P 35 Power Shielding 33 Propulsion Shielding 33 Evasion (%) 40 Targeting Accuracy 5 Recoil Reduction 2 Offensive Hacking 20 Item Schematics ----------------- None Robot Schematics ------------------ None Fabricated ------------ Nothing Repaired ---------- Lgt. Treads | 64% | -10/Materials Studied --------- None Alien Tech Used ----------------- None Achievements -------------- None Challenges ------------ None Game ------ Seed AssembledDispersalShooter Manual? 0 Play Time 00:21:55 Cumulative 13.4 hours Start 2026.03.30 @ 11:17:14 End 2026.03.30 @ 11:49:45 Sessions 1 Manual Loads 0 Difficulty Explorer Special Mode None Game No. 28 Rogue 24 Adventurer 1 Explorer 3 Win Type - Total 0 Types 0/0/0/0/0/0/0/0/0/0 Lore% 4 Gallery% 12 Achievement% 8 Wizard Run 0 Options --------- Layout 1 ASCII 0 Keyboard 0 Movement Mouse Keybinds 0 Fullscreen 2 Font 24/Smallcaps Map View 50x35 Zoom Use 0% Tactical HUD 1 Map Filters NONE Filters NONE Steam 1 RUN: a7897f28-cb01-4e84-8d4d-35c62a50adf9